 Dungeon Crawl Stone Soup version 0.31-a0-1178-gc5c9b8f (webtiles) character file.

Game seed: 3378834958022529377

732348 Meow the Metallomancer (level 27, -1/237 (264) HPs)
             Began as a Naga Conjurer on Nov 3, 2023.
             Was an Initiate of Gozag.
             Slain by a reaper
             ... wielding a +3 heavy scythe
              (6 damage)
             ... in Pandemonium on Dec 11, 2023.
             The game lasted 06:21:07 (139441 turns).

Meow the Metallomancer (Naga Conjurer)            Turns: 139441, Time: 06:21:08

HP:   -1/237 (264)  AC:  9    Str: 16      XL:     27
MP:   8/65          EV:  7    Int: 36      God:    Gozag
Gold: 6302          SH:  0    Dex: 17 (19) Spells: 22/78 levels left

rFire   . . .        a - +8 pair of quick blades "Gyre" and "Gimble" {protect}
rCold   + . .        (shield currently unavailable)
rNeg    . . .        M - +3 leather armour of the Candlemaker {MP+9 Str+8 Int-2}
rPois   +            f - +2 helmet
rElec   +            O - +2 cloak
rCorr   .            r - +2 pair of gloves {Dex+3}
SInv    +            V - +4 barding {Fly}
Will    +++++        o - amulet of the Air {Inacc Air Fly rElec RMsl}
Stlth   ++           Z - ring "Tukunk" {rElec Will+++ Str-4 Int+6 Dex+2}
HPRegen 0.59/turn    i - ring of Desertification {MP+9 Str+3 Dex+3}
MPRegen 0.39/turn

%: inaccuracy (-5), repel missiles, clarity
@: corroded, gold aura, under a protective aura, flying, studying Maces &
Flails, heavily drained, very slow
A: AC +9, large, see invisible, deformed body, poison resistance, slowness 2,
spit poison 1, naga tail 2, clarity, cold resistance 1, deterioration 1, frail
1, low MP 1, screaming 2, subdued magic 1, MP-powered wands
}: 5/15 runes: serpentine, barnacled, slimy, silver, demonic
a: Spit Poison, Renounce Religion, Potion Petition, Call Merchant, Bribe Branch


You were in Pandemonium.
You worshipped Gozag.
Gozag was greatly pleased with you.
You visited 13 branches of the dungeon, and saw 56 of its levels.
You visited Pandemonium 1 time, and saw 4 of its levels.
You visited 1 bazaar.
You also visited: Ice Cave and Wizlab.

You collected 38979 gold pieces.
You spent 4833 gold pieces at shops.
You paid 27844 gold pieces to Gozag.

Inventory:

Hand Weapons
 a - the +8 pair of quick blades "Gyre" and "Gimble" (weapon) {protect}
   (You found it on level 13 of the Dungeon)
 F - the +12 glaive of Prune {freeze, Prune}
   (You took it off a vault warden on level 5 of the Vaults)

   Prune:     It halves damage taken while paralysed, petrified or unconscious.
Missiles
 R - 6 throwing nets
Armour
 f - a +2 helmet (worn)
 g - a +1 kite shield of cold resistance
 r - a +2 pair of gloves of dexterity (worn)
 K - the +1 robe of the Arena {rF+ rC+ rN+ Int-4}
   (You took it off a deep elf annihilator on level 3 of the Elven Halls)

   Int-4:     It affects your intelligence (-4).
   rF+:       It protects you from fire.
   rC+:       It protects you from cold.
   rN+:       It protects you from negative energy.
 M - the +3 leather armour of the Candlemaker (worn) {MP+9 Str+8 Int-2}
   (You bought it in a shop on level 1 of the Orcish Mines)

   Str+8:     It affects your strength (+8).
   Int-2:     It affects your intelligence (-2).
   MP+9:      It affects your magic capacity (+9).
 O - a +2 cloak (worn)
 V - a +4 barding of flying (worn)
Jewellery
 i - the ring of Desertification (right hand) {MP+9 Str+3 Dex+3}
   (You found it in a wizard's laboratory)

   [ring of magical power]

   Str+3:     It affects your strength (+3).
   Dex+3:     It affects your dexterity (+3).
   MP+9:      It affects your magic capacity (+9).
 o - the amulet of the Air (around neck) {Inacc Air Fly rElec RMsl}
   (You found it on level 13 of the Dungeon)

   [amulet of nothing]

   Inacc:     It reduces the accuracy of your attacks and spells.
   Air:       It enhances your air magic.
   rElec:     It insulates you from electricity.
   Fly:       It grants you flight.
   RMsl:      It protects you from missiles.
 Z - the ring "Tukunk" (left hand) {rElec Will+++ Str-4 Int+6 Dex+2}
   (You took it off an ancient champion on level 3 of the Crypt)

   [ring of intelligence]

   Str-4:     It affects your strength (-4).
   Int+6:     It affects your intelligence (+6).
   Dex+2:     It affects your dexterity (+2).
   rElec:     It insulates you from electricity.
   Will+++:   It greatly increases your willpower.
Wands
 d - a wand of iceblast (34)
 k - a wand of charming (2)
 x - a wand of digging (8)
 I - a wand of quicksilver (11)
Scrolls
 c - 3 scrolls of vulnerability
 l - 12 scrolls of fog
 n - 16 scrolls of poison
 q - 13 scrolls of amnesia
 t - 3 scrolls of blinking
 u - 4 scrolls of silence
 w - 9 scrolls of immolation
 y - 6 scrolls of brand weapon
 J - 10 scrolls of enchant weapon
 Q - 6 scrolls of revelation
 S - 6 scrolls of summoning
 T - 11 scrolls of fear
 U - 4 scrolls of torment
 X - 3 scrolls of enchant armour
Potions
 b - 6 potions of brilliance
 e - 4 potions of heal wounds
 h - 2 potions of magic
 j - 14 potions of lignification
 m - 32 potions of curing
 s - 6 potions of resistance
 v - 9 potions of enlightenment
 A - 5 potions of invisibility
 C - 7 potions of cancellation
 D - 4 potions of might
 G - 9 potions of haste
 L - 13 potions of mutation
 N - 7 potions of berserk rage
 W - 12 potions of attraction
 Y - 4 potions of ambrosia
Miscellaneous
 E - a condenser vane
 H - a lightning rod (4/4)
 P - the horn of Geryon


   Skills:
 - Level 26.0 Fighting
 - Level 1.5 Dodging
 - Level 3.0 Stealth
 - Level 26.0 Spellcasting
 - Level 18.2 Conjurations
 - Level 7.0 Fire Magic
 + Level 21.3 Ice Magic
 - Level 26.0 Earth Magic


You had 22 spell levels left.
You knew the following spells:

 Your Spells              Type           Power      Damage    Failure   Level
a - Magic Dart            Conj           100%       1d8       0%          1
b - Searing Ray           Conj           100%       2d8       0%          2
c - Mephitic Cloud        Conj/Pois/Air  81%        N/A       1%          3
e - Shatter               Erth           55%        3d41*     1%          9
g - Orb of Destruction    Conj           47%        9d12      1%          7
t - Sticky Flame          Conj/Fire      82%        2d9       0%          4
v - Polar Vortex          Ice            50%        12d6*     7%          9
A - Stone Arrow           Conj/Erth      100%       3d13      0%          3
B - Iskenderun's Mystic   Conj/Tloc      72%        2d15      1%          4
F - Frozen Ramparts       Ice            100%       1d16      0%          3
G - Bombard               Conj/Erth      51%        9d9       0%          6
T - Irradiate             Conj/Tmut      36%        3d23      1%          5

Your spell library contained the following spells:

 Spells                   Type           Power      Damage    Failure   Level
 Foxfire                  Conj/Fire      100%       2x1d9     0%          1
 Freeze                   Ice            100%       1d10      0%          1
 Kiss of Death            Conj/Necr      100%       2d13      0%          1
 Sandblast                Erth           100%       2d20      0%          1
 Ensorcelled Hibernation  Hex/Ice        100%       N/A       0%          2
 Passwall                 Tmut/Erth      68%        N/A       0%          2
 Hailstorm                Conj/Ice       98%        3d15      0%          3
 Animate Armour           Summ/Erth      100%       N/A       0%          4
 Brom's Barrelling Bould  Conj/Erth      100%       2d11      0%          4
 Flame Wave               Conj/Fire      82%        2d18      0%          4
 Leda's Liquefaction      Hex/Erth       41%        N/A       0%          4
 Petrify                  Tmut/Erth      82%        N/A       0%          4
 Iskenderun's Battlesphe  Conj           95%        2d14      0%          5
 Lee's Rapid Deconstruct  Erth           55%        3d26*     0%          5
 Apportation              Tloc           72%        N/A       1%          1
 Necrotise                Necr           100%       1d9       1%          1
 Summon Small Mammal      Summ           100%       N/A       1%          1
 Blink                    Tloc           72%        N/A       1%          2
 Call Imp                 Summ           72%        N/A       1%          2
 Jinxbite                 Hex            72%        N/A       1%          2
 Lesser Beckoning         Tloc           72%        N/A       1%          2
 Poisonous Vapours        Pois/Air       100%       N/A       1%          2
 Scorch                   Fire           100%       2d9       1%          2
 Sublimation of Blood     Necr           36%        N/A       1%          2
 Wereblood                Tmut           36%        N/A       1%          2
 Call Canine Familiar     Summ           36%        N/A       1%          3
 Confusing Touch          Hex            36%        N/A       1%          3
 Dazzling Flash           Conj/Hex       100%       N/A       1%          3
 Gell's Gravitas          Tloc           36%        N/A       1%          3
 Inner Flame              Hex/Fire       53%        N/A       1%          3
 Summon Guardian Golem    Hex/Summ       36%        N/A       1%          3
 Swiftness                Air            52%        N/A       1%          3
 Teleport Other           Tloc           36%        N/A       1%          3
 Tukima's Dance           Hex            36%        N/A       1%          3
 Volatile Blastmotes      Fire/Tloc      100%       2d18      1%          3
 Fulminant Prism          Conj/Hex       36%        3d18      1%          4
 Summon Ice Beast         Ice/Summ       76%        N/A       1%          4
 Borgnjor's Vile Clutch   Necr/Erth      41%        N/A       1%          5
 Fireball                 Conj/Fire      41%        3d17      1%          5
 Metabolic Englaciation   Hex/Ice        38%        N/A       1%          5
 Conjure Ball Lightning   Conj/Air       46%        3x3d16    1%          6
 Starburst                Conj/Fire      41%        6d12      1%          6
 Ozocubu's Refrigeration  Ice            50%        4d18      1%          7
 Lehudib's Crystal Spear  Conj/Erth      51%        10d12     1%          8
 Anguish                  Hex/Necr       18%        N/A       4%          4
 Dimensional Bullseye     Hex/Tloc       18%        N/A       4%          4
 Dispel Undead            Necr           36%        3d15      4%          4
 Manifold Assault         Tloc           36%        N/A       4%          4
 Passage of Golubria      Tloc           36%        N/A       4%          4
 Summon Lightning Spire   Summ/Air       52%        N/A       4%          4
 Spellforged Servitor     Conj/Summ      36%        N/A       9%          7
 Agony                    Necr           36%        N/A       13%         5
 Alistair's Intoxication  Tmut/Pois      24%        N/A       13%         5
 Silence                  Hex/Air        26%        N/A       13%         5
 Summon Forest            Summ/Tloc      18%        N/A       13%         5
 Summon Mana Viper        Hex/Summ       36%        N/A       13%         5
 Death Channel            Necr           18%        N/A       58%         6
 Dispersal                Tloc           18%        N/A       58%         6
 Eringya's Noxious Bog    Tmut/Pois      18%        4d6       58%         6
 Summon Cactus Giant      Summ           18%        N/A       58%         6
 Fire Storm               Conj/Fire      41%        8d10      96%         9
 Summon Hydra             Summ           18%        N/A       99%         7
 Discord                  Hex            18%        N/A       100%        8
 Disjunction              Tloc           18%        N/A       100%        8
 Maxwell's Capacitive Co  Air            26%        ∞         100%        8
 Chain Lightning          Conj/Air       46%        3d61      100%        9
 Death's Door             Necr           18%        N/A       100%        9
 Simulacrum               Ice/Necr       Unusable   N/A       N/A         6
 Animate Dead             Necr           Unusable   N/A       N/A         4

Dungeon Overview and Level Annotations

Branches:
Dungeon (15/15)            Temple (1/1) D:5            Lair (5/5) D:10
 Shoals (4/4) Lair:3        Snake (4/4) Lair:2        Slime (5/5) Lair:4
    Orc (2/2) D:10            Elf (3/3) Orc:2        Vaults (5/5) D:13
  Crypt (3/3) Vaults:3       Tomb (0/3) Crypt:3      Depths (4/4) D:15
   Hell (visited)             Dis (0/7) Hell            Geh (0/7) Hell
    Coc (0/7) Hell            Tar (0/7) Hell            Zot (4/5) Depths:4
  IceCv (visited)          WizLab (visited)

Altars:
Ashenzari
Cheibriados
Dithmenos
Elyvilon
Fedhas
Gozag
Hepliaklqana
Kikubaaqudgha
Makhleb
Nemelex Xobeh
Okawaru
Qazlal
Ru
Sif Muna
Trog
Uskayaw
Vehumet
Wu Jian
Xom
Yredelemnul
Zin
The Shining One
Jiyva

Shops:
D:14 *   Orc:1 [**=*[[[**[==[*   Orc:2 =?[!:=(   Elf:2 [   Shoals:1 *
Snake:2 :==   Snake:4 :[?*   Vaults:1 =   Depths:1 *   Depths:4 **[

Portals:
Hell: Depths:1 Depths:2 Depths:3 Depths:4
Abyss: Depths:1 Depths:2 Depths:3 Depths:4
Pandemonium: Depths:2 Depths:4
Ziggurat: Depths:1

Annotations:
Vaults:2 1 transporter
Crypt:1 2 transporters
Zot:2 2 transporters


Innate Abilities, Weirdness & Mutations

Your serpentine skin is tough. (AC +9)
You have supernaturally acute eyesight. (SInv)
Armour fits poorly on your strangely shaped body.
Your system is resistant to poisons. (rPois)
You cover ground very slowly.
You can spit poison.
You can use your snake-like lower body to constrict enemies.
You possess an exceptional clarity of mind.
Your flesh is cold resistant. (rC+)
Your body sometimes deteriorates upon taking damage.
You are frail. (-10% HP)
Your magical capacity is low. (-10% MP)
You frequently scream uncontrollably at your foes.
Your spells are a little easier to cast, but a little less powerful.
You expend magic power (3 MP) to strengthen your wands.


Message History

You reach down and close the door.
A rust devil opens the door.
You hit the rust devil but do no damage.
Your weapon exudes an aura of protection.
You grab the rust devil.
You hit the rust devil but do no damage. x3
The rust devil is heavily wounded.
You constrict the rust devil, but do no damage.
The rust devil hits you. The rust devil corrodes you!
The reaper hits you from afar with a +3 heavy scythe!!
* * * LOW HITPOINT WARNING * * *
Your body deteriorates!
You feel clumsy.
You hit the rust devil but do no damage.
You barely miss the rust devil. x2
You hit the rust devil but do no damage.
The rust devil is heavily wounded.
You constrict the rust devil. The rust devil hits you.
The rust devil corrodes you!
Unknown command.
You hit the rust devil but do no damage. x4
The rust devil is severely wounded.
You constrict the rust devil. The rust devil barely misses you.
The reaper completely misses you. The rust devil hits you.
The rust devil corrodes you!
You hit the rust devil but do no damage.
You barely miss the rust devil.
You hit the rust devil but do no damage. x2
The rust devil is severely wounded.
You constrict the rust devil.
The reaper hits you from afar with a +3 heavy scythe!
* * * LOW HITPOINT WARNING * * *
The rust devil hits you. The rust devil corrodes you!
You hit the rust devil but do no damage.
You barely miss the rust devil. x2
You hit the rust devil but do no damage.
The rust devil is almost dead.
You constrict the rust devil!
You kill the rust devil!
The reaper hits you from afar with a +3 heavy scythe.
You die...
Your body crumbles into a pile of gold.

.#####+##...
.........
...........
........# #.........
........#
.#4$.......
........#
.#'#.......
....2.#....#.......
....#....#...$...
#####.2'....#.......
#..@#..# ##......
#...$2.# #.2####
#...#.$# #..#
#...#..# #..#
#...#..#######..#
#...#.).........###
#...#.........$.....
#...#...............
#...#...............


You could see a reaper.

Vanquished Creatures
  Dissolution (Slime:2)
  the Royal Jelly (Slime:5)
  3 dread liches
  An orb of fire (Zot:3)
  4 ancient liches
  2 juggernauts
  Boris (thrice) (Depths:3 Vaults:1 Crypt:2)
  The ghost of Osipn the Impregnable, a veteran MiGl of Hepliaklqana (Crypt:1)
  Vashnia (Snake:4)
  3 Killer Klowns
  Vv (Crypt:3)
  Saint Roka (Crypt:3)
  Xtahua (Vaults:2)
  A caustic shrike (Depths:2)
  2 curse toes
  Geryon (Hell)
  3 pandemonium lords (Pan)
  8 golden dragons
  Norris (Elf:1)
  A mutant beast (WizLab)
  2 profane servitors
  A Brimstone Fiend (Pan)
  A hellephant (Hell)
  Jorgrun (Snake:1)
  9 Hell Sentinels (Pan)
  An electric golem (Zot:2)
  10 tentacled monstrosities
  4 Ice Fiends (Pan)
  Zenata (Crypt:1)
  2 deep elf blademasters (Elf:3)
  2 titans (Vaults:5)
  3 quicksilver dragons
  3 searing wretches
  A walking earthen tome (Depths:2)
  2 liches
  A kraken (Shoals:3)
  27 acid blobs
  2 deep elf master archers (Elf:3)
  2 Executioners (Pan)
  Agnes (Snake:4)
  5 death cobs
  10 ancient champions
  13 storm dragons
  7 sphinxes
  3 demonspawn warmongers (Pan)
  15 shadow dragons
  3 tengu reavers
  3 revenants
  Roxanne (Shoals:1)
  Aizul (Snake:4)
  17 azure jellies
  4 nagarajas (Snake:4)
  A fenstrider witch (Depths:1)
  4 draconian knights
  19 rockslimes
  10 fire giants
  8 draconian monks
  8 deep elf sorcerers
  10 frost giants
  A fire giant (shapeshifter) (Elf:1)
  6 balrugs
  Louise (Shoals:3)
  17 vault wardens
  3 deep elf elementalists (Elf:3)
  3 curse skulls
  4 ghost moths
  2 iron dragons (Zot:3)
  6 draconian scorchers
  An angel (Pan)
  14 quicksilver oozes
  21 ironbound preservers
  8 ghouls
  3 draconian stormcallers (Zot:3)
  The ghost of Ryveytt the Unseen, an adept SpEn of Gozag (Snake:4)
  3 spriggan defenders (Depths:2)
  5 draconian annihilators
  6 formless jellyfish
  23 reapers
  17 demonspawn corrupters (Pan)
  10 stone giants
  30 very ugly things
  15 cacodemons
  5 ironbound thunderhulks
  8 demonspawn blood saints (Pan)
  5 deep elf demonologists (Elf:3)
  10 black draconians
  17 vampire knights
  Azrael (D:12)
  A dire elephant (shapeshifter) (Vaults:5)
  7 lorocyprocas
  5 demonspawn black suns (Pan)
  3 spark wasps (Depths:2)
  3 yellow draconians
  7 deep elf annihilators (Elf:3)
  The ghost of Jakurphehe the Carver, a journeyman HuMo of the Shining One (Lair:1)
  6 white draconians
  7 green draconians
  12 purple draconians
  A spark wasp (shapeshifter) (WizLab)
  11 dire elephants
  Snorg (D:14)
  4 red draconians (Zot:3)
  6 blizzard demons
  12 ettins
  10 deep elf death magi
  2 eidola
  3 merfolk javelineers (Shoals:4)
  10 merfolk impalers
  26 green deaths
  14 jiangshi
  12 fire dragons
  A crystal guardian (Hell)
  2 entropy weavers (shapeshifter)
  2 entropy weavers
  4 deep elf high priests
  11 hydras
  Harold (Lair:1)
  4 rakshasas
  Josephine (Lair:3)
  14 yaktaur captains
  3 caustic shrike simulacra (IceCv)
  2 radroaches (shapeshifter)
  An ice dragon (shapeshifter) (WizLab)
  Erolcha (Orc:2)
  13 great orbs of eyes
  4 ogre magi
  25 vault guards (Vaults:5)
  A jorogumo (shapeshifter) (WizLab)
  3 spriggan air magi (Depths:2)
  3 salamander tyrants
  A spriggan skeleton (Crypt:1)
  8 alligators
  9 ice dragons
  15 centaur warriors
  3 jorogumos (Depths:1)
  4 death knights
  A stoker (Hell)
  2 catoblepae
  2 merfolk avatars
  2 anacondas (shapeshifter)
  34 dancing weapons
  18 anacondas
  2 alligator snapping turtles (Snake:1)
  10 two-headed ogres
  2 merfolk aquamancers
  The ghost of Odaybb the Fighter, a journeyman OpFi of Hepliaklqana (D:12)
  9 ironbound frosthearts
  4 boulder beetles
  14 death yaks
  13 naga warriors
  8 deep troll shamans
  11 shock serpents
  4 satyrs
  14 hell hogs
  12 vampire magi
  6 deep troll earth magi
  A titan zombie (Vaults:1)
  4 demonic crawlers
  5 tengu warriors
  3 crystal echidnas (Hell)
  3 occultists
  5 spriggan berserkers
  13 hell knights
  18 naga sharpshooters
  23 sun demons
  4 shadow wraiths
  Sonja (D:12)
  49 soul eaters
  22 deep elf knights
  6 skysharks
  8 iron trolls
  Nergalle (Orc:2)
  Amaemon (Lair:3)
  11 sixfirhies
  A fire crab (shapeshifter) (WizLab)
  3 glowing orange brains
  26 skeletal warriors
  A sea snake (shapeshifter) (WizLab)
  4 anaconda zombies
  2 bog bodies (Crypt:1)
  3 goliath frogs
  A bunyip zombie (Crypt:3)
  14 sea snakes
  75 deep trolls
  A kraken simulacrum (Shoals:4)
  3 salamander mystics
  2 flayed ghosts
  14 naga ritualists
  A death drake (shapeshifter) (WizLab)
  3 orange crystal statues
  2 anaconda skeletons (Hell)
  A bunyip skeleton (Crypt:3)
  2 deep trolls (shapeshifter) (WizLab)
  7 arcanists
  11 lindwurms
  6 orc knights
  11 deep elf archers
  A swamp dragon (Lair:4)
  18 ironbound convokers
  18 shadow demons (Pan)
  A jorogumo zombie (Crypt:2)
  Pikel (D:8)
  2 swamp dragons (shapeshifter)
  2 alligator zombies
  2 steelbarb worms (shapeshifter)
  12 harpies
  32 deep elf zephyrmancers
  16 phantasmal warriors
  30 deep elf pyromancers
  A wolf spider zombie (D:15)
  13 fauns
  15 mana vipers
  6 shining eyes
  A human zombie (Vaults:1)
  58 ugly things
  A wolf spider (Depths:1)
  2 alligator skeletons (Crypt:1)
  A moth of wrath (shapeshifter) (Depths:3)
  11 cyclopes
  A faun (shapeshifter) (WizLab)
  11 orc sorcerers
  A centaur zombie (D:15)
  8 necromancers
  24 salamanders
  13 manticores
  47 black mambas
  10 elephants
  9 merfolk sirens
  17 naga magi
  4 rust devils
  26 moths of wrath
  4 guardian serpents
  An ice statue (Hell)
  7 eyes of devastation
  23 vault sentinels
  7 water nymphs
  3 unseen horrors
  2 torpor snails (shapeshifter) (WizLab)
  3 torpor snails
  8 cane toads
  2 centaur skeletons (D:15)
  A cane toad (shapeshifter) (WizLab)
  7 rime drakes
  13 orange demons
  7 swamp worm zombies (Crypt:2)
  3 gargoyles
  A pale draconian zombie (Crypt:1)
  32 smoke demons
  9 komodo dragons
  A hellion (Pan)
  22 yaktaurs
  Psyche (D:8)
  Maggie (D:7)
  A catoblepas zombie (Crypt:2)
  A white draconian zombie (Crypt:1)
  10 freezing wraiths
  A rime drake (shapeshifter) (D:15)
  11 tormentors (Pan)
  6 kobold demonologists
  5 anaconda simulacra
  2 elves (WizLab)
  4 tengu conjurers
  An efreet (Pan)
  3 komodo dragons (shapeshifter) (WizLab)
  2 ice devils
  2 grey draconian zombies
  9 red devils
  A hydra zombie (Hell)
  6 trolls
  3 hellwings (Pan)
  A meliai (shapeshifter) (WizLab)
  2 alligator simulacra (IceCv)
  A harpy skeleton (Crypt:1)
  2 wind drakes
  11 polar bears
  23 merfolk
  7 hornets
  A raiju (Lair:5)
  Prince Ribbit (D:6)
  2 ettin zombies
  12 snapping turtles
  16 dream sheep
  13 blink frogs
  34 large abominations
  An ice dragon zombie (Crypt:1)
  A dream sheep (shapeshifter) (WizLab)
  Sigmund (D:3)
  11 glass eyes
  A guardian serpent skeleton (Crypt:2)
  10 flying skulls
  2 centaur simulacra
  2 jumping spiders (shapeshifter)
  121 slime creatures
  4 spriggans
  36 ynoxinuls (Pan)
  A culicivora (shapeshifter) (WizLab)
  5 vampires
  9 wraiths
  11 water elementals
  2 shadows
  3 air elementals
  53 yaks
  35 chaos spawn
  A dire elephant simulacrum (IceCv)
  5 fire elementals
  10 humans
  6 wyverns
  A fire bat (shapeshifter) (WizLab)
  6 golden eyes (Slime:1)
  30 neqoxecs (Pan)
  Grum (D:9)
  9 basilisks
  2 steam dragons
  5 redbacks
  A golden eye (shapeshifter) (WizLab)
  A sea snake simulacrum (Hell)
  2 iron golems
  A redback (shapeshifter) (WizLab)
  4 death yak simulacra (D:12)
  18 vampire mosquitoes
  47 nagas
  6 wargs (Lair:5)
  2 swamp worms (shapeshifter) (WizLab)
  5 swamp worms (Lair:4)
  3 hydra simulacra (D:12)
  An acid dragon (D:13)
  17 water moccasins
  A cane toad zombie (Crypt:3)
  22 hell hounds
  2 black bears (shapeshifter) (WizLab)
  A sky beast (D:8)
  24 orc warriors
  14 black bears
  An ice beast (D:5)
  A tengu (shapeshifter) (WizLab)
  5 ettin simulacra (IceCv)
  A blink frog zombie (Crypt:3)
  13 ogres
  6 boggarts
  A human skeleton (Vaults:1)
  27 wolves
  3 phantoms
  A blink frog skeleton (Crypt:3)
  10 centaurs
  A boggart (shapeshifter) (Elf:1)
  A dream sheep skeleton (Crypt:2)
  A rime drake zombie (Crypt:1)
  3 lemures (D:8)
  10 small abominations
  A yaktaur zombie (Crypt:3)
  A fire crab zombie (Crypt:1)
  10 kobold brigands
  A rime drake skeleton (Crypt:3)
  2 elf zombies (Elf:1)
  3 necrophages
  10 bullfrogs
  7 scorpions
  3 gnoll sergeants
  A water moccasin zombie (Crypt:1)
  An earth elemental (Elf:2)
  A wyvern skeleton (Crypt:3)
  10 wights
  4 lindwurm simulacra (IceCv)
  A cyclops skeleton (Crypt:2)
  6 killer bees (D:10)
  2 elephant simulacra (D:12)
  3 howler monkeys
  4 electric eels
  3 hounds (D:4)
  2 jellies
  15 orc priests
  An iguana (D:6)
  A scorpion zombie (Crypt:3)
  3 sleepcaps
  42 orc wizards
  8 hell rats
  A sky beast zombie (Crypt:3)
  A tengu skeleton (Crypt:2)
  19 gnolls
  11 adders
  A shadow imp (D:7)
  A white imp (D:6)
  2 hell rat simulacra (D:12)
  6 ufetubi
  An iguana skeleton (Crypt:1)
  A worm (shapeshifter) (WizLab)
  A dart slug (D:4)
  111 orcs
  11 ball pythons
  5 endoplasms
  3 giant cockroaches
  6 goblins
  7 hobgoblins
  4 jackals
  13 kobolds
  3 quokkas
  9 bats
  2 frilled lizards
  A jackal zombie (Crypt:2)
  10 rats
3130 creatures vanquished.

Vanquished Creatures (others)
  A demonspawn warmonger (Pan)
  A frost giant (Vaults:5)
  A demonspawn black sun (Pan)
  A lorocyproca (Pan)
  A jiangshi (Crypt:2)
  An occultist (D:15)
  A sun demon (Pan)
  A sixfirhy (Pan)
  A soul eater (Pan)
  A large abomination (Pan)
  A smoke demon (Pan)
  An ice devil (Pan)
  A water elemental (Elf:1)
  2 chaos spawn (Pan)
  An orc wizard (Orc:2)
  A creeping inferno (Hell)
  A fire vortex (Hell)
  4 starspawn tentacles (Pan)
  12 tentacles
34 creatures vanquished.

Grand Total: 3164 creatures vanquished

Notes
Turn   | Place    | Note
-------+----------+-------------------------------------------
     0 | D:1      | Meow the Naga Conjurer began the quest for the Orb.
     0 | D:1      | Reached XP level 1. HP: 15/15 MP: 3/3
   135 | D:1      | Reached XP level 2. HP: 22/22 MP: 1/5
   154 | D:1      | Learned a level 2 spell: Searing Ray
   614 | D:1      | Reached XP level 3. HP: 12/28 MP: 0/6
  1199 | D:2      | Found a faded altar of an unknown god.
  1861 | D:3      | Reached XP level 4. HP: 36/36 MP: 4/8
  1960 | D:3      | Noticed Sigmund
  1971 | D:4      | Noticed a phantom
  2310 | D:4      | Reached skill level 5 in Conjurations
  2398 | D:4      | Reached XP level 5. HP: 32/42 MP: 1/10
  2593 | D:4      | You fall into a shaft and drop 2 floors!
  2661 | D:6      | Reached XP level 6. HP: 45/49 MP: 2/12
  2739 | D:5      | Entered Level 5 of the Dungeon
  2929 | D:5      | Noticed a black bear
  2934 | D:5      | Killed a black bear
  2984 | D:5      | Noticed an ice beast
  3055 | D:5      | Reached XP level 7. HP: 55/55 MP: 7/14
  3153 | D:5      | Reached skill level 5 in Spellcasting
  3413 | D:5      | Found a staircase to the Ecumenical Temple.
  3435 | Temple   | Entered the Ecumenical Temple
  3466 | Temple   | Became a worshipper of Gozag Ym Sagoz the Greedy
  4009 | D:4      | Found a sacrificial altar of Ru.
  4093 | D:4      | Reached XP level 8. HP: 62/62 MP: 12/16
  4527 | D:3      | Killed Sigmund
  4741 | D:6      | Found a hazy altar of Hepliaklqana.
  5243 | D:6      | Found a bloodstained altar of Trog.
  5345 | D:6      | Noticed Prince Ribbit
  5516 | D:7      | Noticed Maggie
  5551 | D:7      | Reached XP level 9. HP: 68/68 MP: 17/20
  5675 | D:6      | Noticed a cyclops
  5688 | D:6      | Killed Prince Ribbit
  6230 | D:7      | Identified the +1 robe "Towefah" {Str+6 Int+5}
  6247 | D:7      | Learned a level 4 spell: Sticky Flame
  6396 | D:8      | Reached skill level 10 in Conjurations
  6408 | D:8      | Learned a level 3 spell: Stone Arrow
  6455 | D:7      | Learned a level 3 spell: Frozen Ramparts
  6460 | D:7      | Learned a level 4 spell: Iskenderun's Mystic Blast
  6480 | D:7      | Reached skill level 1 in Fighting
  6515 | D:7      | Killed Maggie
  7125 | D:8      | Noticed Psyche
  7128 | D:8      | Killed Psyche
  7160 | D:8      | Reached XP level 10. HP: 85/85 MP: 15/22
  7274 | D:8      | Noticed Pikel
  7278 | D:8      | Killed Pikel
  7279 | D:8      | Reached skill level 5 in Fighting
  7628 | D:9      | Noticed a two-headed ogre
  7640 | D:9      | Killed a two-headed ogre
  7759 | D:9      | Found a hide-covered altar of Uskayaw.
  7814 | D:9      | Found a broken altar of Ashenzari.
  7948 | D:9      | Noticed Grum
  7953 | D:9      | Killed Grum
  8380 | D:10     | Entered Level 10 of the Dungeon
  8402 | D:10     | Noticed a gargoyle
  8563 | D:10     | Found a shimmering altar of Xom.
  8565 | D:10     | Found a shimmering altar of Xom.
  8565 | D:10     | Found a shimmering altar of Xom.
  8565 | D:10     | Found a shimmering altar of Xom.
  8565 | D:10     | Found a shimmering altar of Xom.
  8565 | D:10     | Found a shimmering altar of Xom.
  8566 | D:10     | Found a shimmering altar of Xom.
  8566 | D:10     | Found a shimmering altar of Xom.
  8583 | D:10     | Reached XP level 11. HP: 100/100 MP: 18/24
  8935 | D:10     | Noticed a cyclops
  8936 | D:10     | Noticed a two-headed ogre
  9108 | D:6      | Killed a cyclops
  9149 | D:6      | Learned a level 7 spell: Orb of Destruction
  9236 | D:6      | Found a burning altar of Makhleb.
  9236 | D:6      | Noticed an Executioner
  9733 | D:10     | Killed a two-headed ogre
  9734 | D:10     | Reached skill level 10 in Spellcasting
  9835 | D:10     | Noticed a salamander
  9838 | D:10     | Found a shimmering altar of Xom.
  9842 | D:10     | Noticed a death yak
  9846 | D:10     | a guardian serpent changed into an entropy weaver
  9846 | D:10     | Noticed an entropy weaver (shapeshifter)
  9870 | D:10     | Killed a death yak
  9906 | D:10     | a meliai changed into a fire crab
  9906 | D:10     | Noticed a fire crab (shapeshifter)
  9996 | D:10     | a torpor snail changed into a shining eye
  9996 | D:10     | Noticed a shining eye (shapeshifter)
 10005 | D:10     | Found a staircase to the Lair.
 10057 | D:10     | Reached skill level 10 in Fighting
 10082 | D:10     | Killed a cyclops
 10156 | D:10     | Noticed an orc knight
 10308 | D:10     | Killed an orc knight
 10309 | D:10     | Reached XP level 12. HP: 99/120 MP: 8/26
 10770 | D:10     | Noticed a two-headed ogre
 10777 | D:10     | Killed a two-headed ogre
 10830 | D:10     | Found a staircase to the Orcish Mines.
 10939 | D:10     | Noticed an ettin
 10976 | D:10     | Noticed a satyr
 10986 | Lair:1   | Entered Level 1 of the Lair of Beasts
 11270 | Lair:1   | Found a large runed translucent door.
 11270 | Lair:1   | Found a large runed translucent door.
 11274 | Lair:1   | Noticed Jakurphehe's ghost (journeyman HuMo)
 11375 | Lair:1   | Noticed Harold
 11382 | Lair:1   | Killed Harold
 11774 | D:10     | Noticed an alligator
 11774 | D:10     | Noticed a shock serpent
 11801 | Orc:1    | Entered Level 1 of the Orcish Mines
 11809 | Orc:1    | Bought a scroll of teleportation for 42 gold pieces
 11932 | Orc:2    | Entered Level 2 of the Orcish Mines
 11937 | Orc:2    | Found a staircase to the Elven Halls.
 12018 | Orc:2    | Found Gouhuaw's Magic Scroll Boutique.
 12021 | Orc:2    | Found Avag's Jewellery Shop.
 12035 | Orc:2    | Bought a scroll of teleportation for 36 gold pieces
 12035 | Orc:2    | Bought a scroll of blinking for 90 gold pieces
 12761 | Orc:2    | Found Zibohaeg's Armour Boutique.
 13028 | Orc:2    | Noticed a sun demon
 13091 | Orc:2    | Found Jagergh's Distillery.
 13133 | Orc:2    | Bought a potion of heal wounds for 75 gold pieces
 13133 | Orc:2    | Bought a potion of haste for 150 gold pieces
 13133 | Orc:2    | Bought a potion of resistance for 150 gold pieces
 13133 | Orc:2    | Bought 2 potions of haste for 300 gold pieces
 13133 | Orc:2    | Bought a potion of invisibility for 120 gold pieces
 13179 | Orc:2    | Found an ancient bone altar of Kikubaaqudgha.
 13179 | Orc:2    | Noticed Nergalle
 13201 | Orc:2    | Found Pefaugou's Antique Weapon Shop.
 13201 | Orc:2    | Noticed an ogre mage
 13201 | Orc:2    | Found Qitad's Book Boutique.
 13208 | Orc:2    | Killed Nergalle
 13209 | Orc:2    | Gained mutation: You can use your snake-like lower body to
                  | constrict enemies. [Naga growth]
 13209 | Orc:2    | Reached XP level 13. HP: 91/110 MP: 19/28
 13416 | Orc:2    | Found Gel Dah's Jewellery Shop.
 13501 | Orc:2    | Noticed Erolcha
 13504 | Orc:2    | Killed Erolcha
 13658 | Orc:2    | Found a radiant altar of Vehumet.
 13727 | Orc:2    | Bought a book of Alchemy for 336 gold pieces
 13776 | Orc:2    | Learned a level 5 spell: Irradiate
 13864 | D:10     | Noticed an ice dragon
 13872 | D:10     | an ice dragon changed into a wolf spider
 14110 | Lair:2   | Found a staircase to the Snake Pit.
 15300 | Lair:2   | Upgraded the game from 0.31-a0-986-g5e6e4ef to
                  | 0.31-a0-988-g08d55da
 15330 | Lair:3   | Noticed Amaemon
 15333 | Lair:3   | Killed Amaemon
 15411 | Lair:3   | Noticed Josephine
 15420 | Lair:3   | Killed Josephine
 15640 | Lair:3   | Reached skill level 15 in Conjurations
 15938 | Lair:3   | Identified the +6 long sword "Xypnor" {heavy, Str+3}
 16080 | Lair:3   | Found a staircase to the Shoals.
 16260 | Lair:3   | Reached XP level 14. HP: 129/138 MP: 10/31
 18144 | Lair:4   | Found a staircase to the Slime Pits.
 18853 | Lair:4   | You fall into a shaft and drop 1 floor!
 18853 | Lair:5   | Entered Level 5 of the Lair of Beasts
 19000 | Lair:5   | Identified the ring of Keqyog {Fire Int+3 Dex+4}
 19843 | Lair:5   | Reached XP level 15. HP: 151/151 MP: 21/33
 20562 | Lair:5   | Identified the +1 chain mail "Jalyhit" {Will+}
 21873 | Lair:5   | Reached skill level 15 in Spellcasting
 24084 | D:11     | Identified a scroll of acquirement
 24086 | D:11     | Acquired 671 gold pieces
 24175 | D:12     | Found a runed translucent gate.
 24175 | D:12     | Found a runed translucent gate.
 24175 | D:12     | Found a runed translucent gate.
 24176 | D:12     | Noticed Odaybb's ghost (journeyman OpFi)
 24266 | D:12     | Noticed Sonja
 24273 | D:12     | Killed Sonja
 24696 | D:12     | Noticed Azrael
 24705 | D:12     | Killed Azrael
 26057 | D:13     | Found the +8 pair of quick blades "Gyre" and "Gimble"
                  | {protect}
 26307 | D:13     | Reached XP level 16. HP: 146/159 MP: 16/35
 26752 | D:13     | Found the amulet of the Air {Inacc Air Fly rElec RMsl}
 26819 | D:13     | Found a gate to the Vaults.
 28218 | D:14     | Noticed Snorg
 28221 | D:14     | Killed Snorg
 28230 | D:14     | Found an opulent altar of Gozag.
 28348 | D:14     | Found Vonush's Assorted Antiques.
 28446 | D:14     | Bought a scroll of blinking for 195 gold pieces
 28446 | D:14     | Bought a scroll of blinking for 195 gold pieces
 28728 | D:15     | Entered Level 15 of the Dungeon
 28996 | D:15     | Reached skill level 15 in Fighting
 29027 | D:15     | Learned a level 3 spell: Mephitic Cloud
 29918 | D:15     | Found a staircase to the Depths.
 30482 | Snake:1  | Entered Level 1 of the Snake Pit
 30489 | Snake:1  | Reached skill level 1 in Earth Magic
 31827 | Snake:1  | Learned a level 6 spell: Bombard
 32041 | Snake:1  | Reached skill level 5 in Earth Magic
 32530 | Snake:1  | Noticed Jorgrun
 32534 | Snake:1  | Killed Jorgrun
 32814 | Snake:1  | Reached XP level 17. HP: 172/172 MP: 16/37
 33094 | Snake:1  | Identified the ring of the Heron {Will+ Str+2 SInv}
 34949 | Snake:2  | Reached skill level 10 in Earth Magic
 36769 | Snake:2  | Identified the +1 long sword of Destruction {heavy, Int+3}
 37183 | Snake:2  | Found Domok's Book Boutique.
 37183 | Snake:2  | Found Fof Loi's Jewellery Shoppe.
 37184 | Snake:2  | Found Gitimenn's Jewellery Shoppe.
 38565 | Snake:3  | Reached XP level 18. HP: 136/181 MP: 24/38
 39307 | Snake:4  | Identified the of Povy
 39307 | Snake:4  | Entered Level 4 of the Snake Pit
 39797 | Snake:4  | Found Poph's Antique Armour Boutique.
 39803 | Snake:4  | Found Kiloicaoq's General Store.
 39803 | Snake:4  | Found Copnoim's Book Boutique.
 40074 | Snake:4  | Found Caefosobb's Magic Scroll Shop.
 40096 | Snake:4  | Bought a scroll of blinking for 105 gold pieces
 40096 | Snake:4  | Bought a scroll of teleportation for 42 gold pieces
 40096 | Snake:4  | Bought a scroll of fear for 56 gold pieces
 40112 | Snake:4  | Bought a scroll of blinking for 135 gold pieces
 40112 | Snake:4  | Bought a scroll of blinking for 135 gold pieces
 40112 | Snake:4  | Bought a potion of magic for 144 gold pieces
 41403 | Snake:4  | Noticed Vashnia
 41403 | Snake:4  | Noticed Agnes
 41408 | Snake:4  | Killed Agnes
 42053 | Snake:4  | Killed Vashnia
 42054 | Snake:4  | Reached skill level 15 in Earth Magic
 42638 | Snake:4  | Identified the serpent talisman of the Snail {rPois Will-
                  | SInv Stlth+}
 42638 | Snake:4  | Noticed Aizul
 42642 | Snake:4  | Killed Aizul
 42989 | Snake:4  | Found a transporter.
 43001 | Snake:4  | Found a transporter.
 43012 | Snake:4  | Found a bloodstained altar of Trog.
 43012 | Snake:4  | Noticed Ryveytt's ghost (adept SpEn)
 43925 | Snake:4  | Got a serpentine rune of Zot
 44989 | Snake:4  | Killed Ryveytt's ghost
 45265 | Vaults:1 | Identified the "Wysev"
 45265 | WizLab   | Identified the of Enwuqoh
 45265 | Elf:1    | Identified the "Dym Din"
 45265 | Elf:1    | Identified the "Epirruxe"
 45265 | Elf:1    | Identified the of Jodghuymi
 45265 | Elf:1    | Identified the "Voetu"
 45265 | Elf:1    | Identified the of Mauqal
 45265 | Elf:1    | Entered Level 1 of the Elven Halls
 45410 | Elf:1    | You are sucked into a shaft and drop 1 floor!
 45410 | Elf:2    | Identified the "Ogoun"
 45579 | Elf:2    | Found Seol's Armour Boutique.
 45824 | Elf:2    | Reached XP level 19. HP: 169/188 MP: 1/40
 46351 | Elf:2    | Found a runed translucent gate.
 46351 | Elf:2    | Found a runed translucent gate.
 46351 | Elf:2    | Found a runed translucent gate.
 46789 | Elf:1    | Noticed Norris
 46959 | Elf:1    | Killed Norris
 48075 | Elf:1    | Paralysed by an air elemental for 1 turns
 49613 | Elf:3    | Entered Level 3 of the Elven Halls
 50213 | Elf:3    | Paralysed by an air elemental for 1 turns
 50410 | Elf:3    | Identified the +0 mace of Imminent Death {heavy, Str+3
                  | Stlth+}
 50845 | Elf:3    | Identified the +1 robe of the Arena {rF+ rC+ rN+ Int-4}
 51138 | Elf:3    | Reached XP level 20. HP: 206/206 MP: 21/42
 51450 | Elf:3    | Identified the +3 leather armour of the Griffon {Will+
                  | Str+2 Dex-2 SInv}
 51705 | Elf:3    | Identified the staff "Bubur" {rElec rPois Str+4 Dex+3
                  | Poison}
 51909 | Elf:3    | Identified the +4 short sword "Efybigh" {venom, rC+ rCorr}
 52468 | Elf:3    | Noticed a Brimstone Fiend
 52923 | Elf:3    | Identified the +2 robe "Bomim" {rF+ Int+4 Dex-3}
 53290 | Elf:3    | Identified the +2 leather armour of Pong {Int+3}
 53796 | Elf:3    | Identified the +10 arbalest "Teheucol" {elec, Dex+3}
 54081 | Orc:1    | Bought a jewelled leather armour for 210 gold pieces
 54081 | Orc:1    | Identified the +3 leather armour of the Candlemaker {MP+9
                  | Str+8 Int-2} (You bought it in a shop on level 1 of the
                  | Orcish Mines)
 54081 | Orc:1    | Bought a distressingly furry robe for 171 gold pieces
 54081 | Orc:1    | Identified the +2 robe of the Evening Star {rPois rN+ Will-
                  | Str+2} (You bought it in a shop on level 1 of the Orcish
                  | Mines)
 54081 | Orc:1    | Bought a twisted troll leather armour for 600 gold pieces
 54081 | Orc:1    | Identified the +1 troll leather armour "Hont" {Will++
                  | Regen+} (You bought it in a shop on level 1 of the Orcish
                  | Mines)
 54590 | Depths:1 | Entered Level 1 of the Depths
 55062 | Depths:1 | Found Qechagg's Assorted Antiques.
 55686 | Depths:1 | Found a one-way gateway to a ziggurat.
 55730 | Depths:1 | Found a gateway to Hell.
 55834 | Depths:1 | Found a runed translucent gate.
 55834 | Depths:1 | Found a runed translucent gate.
 55834 | Depths:1 | Found a runed translucent gate.
 55942 | Depths:1 | Found a one-way gate to the infinite horrors of the Abyss.
 55970 | Depths:1 | Identified the +1 chain mail of the Desert {rPois}
 56428 | Depths:1 | Identified the +6 great sword "Potaschut" {drain, rPois
                  | Str+3 Dex-2}
 56857 | Depths:1 | Noticed a dread lich
 56863 | Depths:1 | Killed a dread lich
 58021 | Depths:1 | Identified the +9 shortbow "Liemiyr" {flame, Str-3 Int+2
                  | SInv}
 58138 | Depths:2 | Reached XP level 21. HP: 183/209 MP: 29/44
 58610 | Depths:2 | Found a broken altar of Ashenzari.
 59047 | Depths:2 | Noticed a juggernaut
 59054 | Depths:2 | Killed a juggernaut
 59682 | Depths:2 | Identified the +0 pair of gloves of the Sharp God {Will+}
 60469 | Depths:2 | Found a one-way gate leading to the halls of Pandemonium.
 60635 | Depths:2 | Noticed a caustic shrike
 60645 | Depths:2 | Killed a caustic shrike
 60891 | Depths:2 | Noticed a golden dragon
 60895 | Depths:2 | Killed a golden dragon
 60979 | Depths:2 | Identified the +9 quarterstaff "Nuguybli" {heavy, rC+}
 61070 | Depths:2 | Identified the +4 mace "Muepneg" {drain, rN+}
 61466 | Depths:3 | Noticed Boris
 61475 | Depths:3 | Killed Boris
 64114 | Depths:3 | You are sucked into a shaft and drop 1 floor!
 64114 | Depths:4 | Entered Level 4 of the Depths
 64114 | Depths:4 | Found Fuschoej's General Store.
 64114 | Depths:4 | Found Kegh's Assorted Antiques.
 64128 | Depths:4 | Bought a potion of heal wounds for 80 gold pieces
 64190 | Depths:4 | Reached XP level 22. HP: 57/228 MP: 7/46
 64946 | Depths:4 | Found Hestiluj's Antique Armour Boutique.
 65258 | Depths:3 | Found a hazy altar of Hepliaklqana.
 65773 | Depths:4 | Noticed a juggernaut
 66058 | Depths:4 | Killed a juggernaut
 66544 | Depths:4 | Found a gate to the Realm of Zot.
 68084 | Shoals:1 | Entered Level 1 of the Shoals
 68084 | Shoals:1 | Found Byisuc's General Store.
 68562 | Shoals:1 | Noticed Roxanne
 68568 | Shoals:1 | Killed Roxanne
 69034 | Shoals:2 | Found a flickering gateway to a bazaar.
 69044 | Bazaar   | Entered a bazaar
 69047 | Bazaar   | Found Soemo's Assorted Antiques.
 69061 | Bazaar   | Found Kem Acets's Magic Scroll Shop.
 69067 | Bazaar   | Bought a scroll of teleportation for 27 gold pieces
 69076 | Bazaar   | Found Zuluts's Distillery.
 69089 | Bazaar   | Found Roysecor's Weapon Boutique.
 69111 | Bazaar   | Bought a potion of ambrosia for 96 gold pieces
 69111 | Bazaar   | Bought a potion of haste for 120 gold pieces
 69111 | Bazaar   | Bought a potion of heal wounds for 60 gold pieces
 69111 | Bazaar   | Bought a potion of magic for 96 gold pieces
 69123 | Bazaar   | Bought a steaming robe for 176 gold pieces
 69123 | Bazaar   | Identified the +1 robe "Zoxti" {rPois rCorr} (You bought it
                  | in a shop in a bazaar)
 69180 | Shoals:2 | Found a frozen archway.
 69198 | IceCv    | Entered an ice cave
 69217 | IceCv    | HP: 4/228 [anaconda simulacrum (9)]
 69634 | IceCv    | Acquired 836 gold pieces
 70201 | Shoals:2 | Found a runed translucent door.
 72355 | Shoals:3 | Noticed Louise
 72367 | Shoals:3 | Killed Louise
 72591 | Shoals:4 | Entered Level 4 of the Shoals
 73141 | Shoals:4 | Reached XP level 23. HP: 54/235 MP: 26/47
 75171 | Shoals:4 | Got a barnacled rune of Zot
 75446 | Vaults:1 | Entered Level 1 of the Vaults
 77158 | Vaults:1 | Noticed Boris
 77164 | Vaults:1 | Killed Boris
 77278 | Vaults:1 | Found Pumett's Jewellery Shop.
 78111 | Vaults:1 | Found a runed translucent door.
 78882 | Vaults:1 | Identified the +1 shortbow of Devenecw {flame, rElec Will-
                  | rCorr Int+6}
 79174 | Vaults:2 | Noticed Xtahua
 79183 | Vaults:2 | Killed Xtahua
 80475 | Vaults:2 | Found a transporter.
 81722 | Vaults:3 | Reached XP level 24. HP: 244/244 MP: 48/48
 84378 | Vaults:3 | Found a staircase to the Crypt.
 84819 | Orc:2    | Bought a book of Annihilations for 720 gold pieces
 84829 | Orc:2    | Learned a level 9 spell: Shatter
 84937 | Orc:1    | Bought a slimy robe for 171 gold pieces
 84937 | Orc:1    | Identified the +0 robe of Objectivity {Dex+4} (You bought
                  | it in a shop on level 1 of the Orcish Mines)
 85165 | Vaults:4 | Found a magical portal.
 85264 | WizLab   | Entered Cigotuvi's Fleshworks
 85434 | WizLab   | Gained mutation: You occasionally lose the ability to read
                  | scrolls when taking damage. [mutagenic glow]
 85459 | WizLab   | Gained mutation: You do not regenerate when monsters are
                  | visible. [mutagenic glow]
 85645 | WizLab   | Lost mutation: You do not regenerate when monsters are
                  | visible. [potion of mutation]
 85645 | WizLab   | Lost mutation: You occasionally lose the ability to read
                  | scrolls when taking damage. [potion of mutation]
 85645 | WizLab   | Gained mutation: Your body sometimes deteriorates upon
                  | taking damage. [potion of mutation]
 85645 | WizLab   | Gained mutation: You are partially covered in iridescent
                  | scales. (AC +2) [potion of mutation]
 85725 | WizLab   | Identified the ring of Desertification {MP+9 Str+3 Dex+3}
 86390 | WizLab   | Gained mutation: Your spells are a little easier to cast,
                  | but a little less powerful. [mutagenic glow]
 86412 | WizLab   | Gained mutation: You have hidden genetic defects.
                  | [mutagenic glow]
 87474 | Vaults:4 | Gained mutation: You are clumsy. (Dex -2) [hidden defects]
 87749 | Vaults:4 | Reached XP level 25. HP: 226/252 MP: 22/49
 88123 | Vaults:5 | Entered Level 5 of the Vaults
 88146 | Vaults:4 | Gained mutation: You sometimes lose your temper in combat.
                  | [hidden defects]
 88146 | Vaults:4 | Lost mutation: You have hidden genetic defects. [hidden
                  | defects expressed]
 88299 | Vaults:5 | Noticed a dread lich
 88566 | Vaults:4 | Killed a dread lich
 88965 | Vaults:5 | Noticed an ancient lich
 88965 | Vaults:5 | Noticed an ancient lich
 88968 | Vaults:5 | Killed an ancient lich
 88968 | Vaults:5 | Killed an ancient lich
 89519 | Vaults:4 | Lost mutation: Your spells are a little easier to cast, but
                  | a little less powerful. [potion of mutation]
 89519 | Vaults:4 | Lost mutation: You are clumsy. (Dex -2) [potion of
                  | mutation]
 89519 | Vaults:4 | Lost mutation: Your body sometimes deteriorates upon taking
                  | damage. [potion of mutation]
 89519 | Vaults:4 | Gained mutation: You are clumsy. (Dex -2) [potion of
                  | mutation]
 89519 | Vaults:4 | Gained mutation: Your movements are slightly less
                  | encumbered by armour. (ER -2) [potion of mutation]
 89519 | Vaults:4 | Gained mutation: Your muscles are strong. (Str +4, Int/Dex
                  | -1) [potion of mutation]
 89520 | Vaults:4 | Lost mutation: Your movements are slightly less encumbered
                  | by armour. (ER -2) [potion of mutation]
 89520 | Vaults:4 | Lost mutation: Your muscles are strong. (Str +4, Int/Dex
                  | -1) [potion of mutation]
 89520 | Vaults:4 | Gained mutation: Your muscles are strong. (Str +4, Int/Dex
                  | -1) [potion of mutation]
 89520 | Vaults:4 | Gained mutation: Your mind is acute. (Int +4, Str/Dex -1)
                  | [potion of mutation]
 89521 | Vaults:4 | Lost mutation: You are partially covered in iridescent
                  | scales. (AC +2) [potion of mutation]
 89521 | Vaults:4 | Lost mutation: You sometimes lose your temper in combat.
                  | [potion of mutation]
 89521 | Vaults:4 | Gained mutation: You are robust. (+10% HP) [potion of
                  | mutation]
 90266 | Vaults:5 | Identified the +7 scimitar of Foolhardiness {heavy, rF+ rN+
                  | Dex+4}
 90839 | Vaults:5 | Identified the +2 robe of the Twelve Shrikes {rC+ Will+}
 90843 | Vaults:5 | Identified the +1 quarterstaff of the Sharing Fox {flame,
                  | Int+2}
 90885 | Vaults:5 | Identified the talisman of death "Leicsy" {Will+ rCorr
                  | Dex+3}
 90901 | Vaults:5 | Identified the +0 chain mail of the Brewing Gods {Regen+}
 90932 | Vaults:5 | Identified the +3 leather armour of Nemelex Xobeh, Flying
                  | {-Cast rCorr Str+2 Dex+3}
 91096 | Vaults:5 | Identified the +3 tower shield "Sufil" {rF- Slay+4 SInv}
 91115 | Vaults:5 | Identified the staff of Honesty {rN+ Will+ SInv Necro}
 91139 | Vaults:5 | Identified the ring "Zonkousk" {Will+ Str+2 Dex+4 Slay+4}
 91141 | Vaults:5 | Identified the ring "Ulukaus" {+Blink Will+ Dex+3}
 91159 | Vaults:5 | Identified the +9 great sword of Impeachment {venom, rElec}
 91410 | Vaults:5 | Got a silver rune of Zot
 91598 | Vaults:5 | Upgraded the game from 0.31-a0-988-g08d55da to
                  | 0.31-a0-1178-gc5c9b8f
 92005 | Crypt:1  | Entered Level 1 of the Crypt
 92010 | Crypt:1  | Noticed Zenata
 92014 | Crypt:1  | Killed Zenata
 92259 | Crypt:1  | Reached XP level 26. HP: 258/281 MP: 18/50
 93154 | Crypt:1  | Reached skill level 1 in Fire Magic
 93345 | Crypt:1  | Noticed Osipn's ghost (veteran MiGl)
 93355 | Crypt:1  | Killed Osipn's ghost
 94290 | Crypt:1  | Found a transporter.
 94293 | Crypt:1  | Found a transporter.
 94765 | Crypt:2  | Noticed Boris
 94804 | Crypt:2  | Noticed an ancient lich
 95376 | Crypt:2  | Killed an ancient lich
 96403 | Crypt:2  | Killed Boris
 96404 | Crypt:2  | Reached skill level 5 in Fire Magic
 96805 | Crypt:3  | Entered Level 3 of the Crypt
 97282 | Crypt:3  | Noticed Saint Roka
 97492 | Crypt:3  | Noticed Vv
 98256 | Crypt:3  | Identified the ring "Paczu" {*Slow rN+ Str+6 SInv}
 98596 | Crypt:3  | Killed Vv
 98789 | Crypt:3  | Identified the ring "Tukunk" {rElec Will+++ Str-4 Int+6
                  | Dex+2}
 98984 | Crypt:3  | Killed Saint Roka
 99282 | Crypt:3  | Found a basalt altar of Yredelemnul.
 99289 | Crypt:3  | Found an ancient bone altar of Kikubaaqudgha.
 99305 | Crypt:3  | Identified the +1 morningstar of Entrepreneurial Spirit
                  | {flame, rElec rPois Will+}
 99354 | Crypt:3  | Identified the ring "Yseanwer" {rElec rN+}
 99354 | Crypt:3  | Identified the ring "Osmag" {rN+ Stlth+}
 99451 | Crypt:3  | Found a staircase to the Tomb.
100330 | Hell     | Entered the Vestibule of Hell
100330 | Hell     | Noticed Geryon
100340 | Hell     | Killed Geryon
100694 | Depths:1 | Reached XP level 27. HP: 152/306 MP: 47/51
101707 | Hell     | Found a gateway to the Iron City of Dis.
101764 | Hell     | Found a gateway to the freezing wastes of Cocytus.
102095 | Hell     | Found a gateway to the ashen valley of Gehenna.
102132 | Hell     | Found a gateway to the decaying netherworld of Tartarus.
102408 | Zot:1    | Entered Level 1 of the Realm of Zot
103256 | Zot:1    | Identified the +1 ring mail "Usigutist" {rC+ rN+ Stlth+}
104887 | Zot:2    | Noticed a dread lich
104892 | Zot:2    | Killed a dread lich
106670 | Zot:2    | Identified the ring of Benevolence {+Blink Fly rCorr Str+6
                  | Int-2}
106674 | Zot:2    | Found a transporter.
106674 | Zot:2    | Found a transporter.
106689 | Zot:2    | Identified the +0 dagger "Juwiv" {speed, rF+}
107898 | Zot:3    | Noticed an ancient lich
108122 | Zot:3    | Noticed an orb of fire
108122 | Zot:3    | Gained mutation: You occasionally lose the ability to read
                  | scrolls when taking damage. [an orb of fire]
109542 | Zot:3    | Gained mutation: You sometimes lose the ability to read
                  | scrolls when taking damage. [an orb of fire]
109543 | Zot:3    | Gained mutation: Your health recovers twice as slowly from
                  | being drained. [an orb of fire]
109545 | Zot:3    | Lost mutation: You are robust. (+10% HP) [an orb of fire]
109546 | Zot:3    | Gained mutation: Your body sometimes deteriorates upon
                  | taking damage. [an orb of fire]
109549 | Zot:3    | Killed an orb of fire
109685 | Zot:3    | Killed an ancient lich
109830 | Zot:3    | Identified the +2 rapier "Transmigrator" {freeze, rPois
                  | Str+3 Int+2 Dex-3}
112757 | Zot:4    | Lost mutation: Your health recovers twice as slowly from
                  | being drained. [potion of mutation]
112757 | Zot:4    | Lost mutation: You are clumsy. (Dex -2) [potion of
                  | mutation]
112757 | Zot:4    | Gained mutation: You occasionally shout uncontrollably at
                  | your foes. [potion of mutation]
112757 | Zot:4    | Gained mutation: You can exhale a cloud of poison. [potion
                  | of mutation]
112758 | Zot:4    | Lost mutation: Your muscles are strong. (Str +4, Int/Dex
                  | -1) [potion of mutation]
112758 | Zot:4    | Lost mutation: Your body sometimes deteriorates upon taking
                  | damage. [potion of mutation]
112758 | Zot:4    | Lost mutation: You can exhale a cloud of poison. [potion of
                  | mutation]
112758 | Zot:4    | Gained mutation: You are occasionally teleported next to
                  | monsters. [potion of mutation]
112758 | Zot:4    | Gained mutation: You have hidden genetic potential. [potion
                  | of mutation]
112759 | Zot:4    | Lost mutation: You are occasionally teleported next to
                  | monsters. [potion of mutation]
112759 | Zot:4    | Lost mutation: Your mind is acute. (Int +4, Str/Dex -1)
                  | [potion of mutation]
112759 | Zot:4    | Gained mutation: Your magical capacity is low. (-10% MP)
                  | [potion of mutation]
112759 | Zot:4    | Gained mutation: Your flesh is heat resistant. (rF+)
                  | [potion of mutation]
112759 | Zot:4    | Lost mutation: You have hidden genetic potential. [potion
                  | of mutation]
112760 | Zot:4    | Lost mutation: Your flesh is heat resistant. (rF+) [potion
                  | of mutation]
112760 | Zot:4    | Lost mutation: Your magical capacity is low. (-10% MP)
                  | [potion of mutation]
112760 | Zot:4    | Lost mutation: You sometimes lose the ability to read
                  | scrolls when taking damage. [potion of mutation]
112760 | Zot:4    | Gained mutation: You have a pair of small horns on your
                  | head. [potion of mutation]
112760 | Zot:4    | Gained mutation: You frequently scream uncontrollably at
                  | your foes. [potion of mutation]
112760 | Zot:4    | Lost mutation: You frequently scream uncontrollably at your
                  | foes. [potion of mutation]
112760 | Zot:4    | Gained mutation: Your flesh is heat resistant. (rF+)
                  | [potion of mutation]
112761 | Zot:4    | Lost mutation: You occasionally shout uncontrollably at
                  | your foes. [potion of mutation]
112761 | Zot:4    | Lost mutation: Your flesh is heat resistant. (rF+) [potion
                  | of mutation]
112761 | Zot:4    | Lost mutation: You have a pair of small horns on your head.
                  | [potion of mutation]
112761 | Zot:4    | Gained mutation: You are robust. (+10% HP) [potion of
                  | mutation]
112762 | Zot:4    | Lost mutation: You occasionally lose the ability to read
                  | scrolls when taking damage. [potion of mutation]
112762 | Zot:4    | Lost mutation: You are robust. (+10% HP) [potion of
                  | mutation]
112762 | Zot:4    | Gained mutation: Potions are less effective at restoring
                  | your health. [potion of mutation]
112762 | Zot:4    | Gained mutation: Your movements are slightly less
                  | encumbered by armour. (ER -2) [potion of mutation]
112762 | Zot:4    | Gained mutation: You have a somewhat thin skeletal
                  | structure. (Dex +2, Stealth+) [potion of mutation]
113260 | Lair:1   | Killed Jakurphehe's ghost
113266 | Lair:1   | Identified the ring of Fufeimul {rPois rCorr}
113393 | D:12     | Killed Odaybb's ghost
113629 | Slime:1  | Entered Level 1 of the Pits of Slime
113805 | Lair:4   | Reached skill level 1 in Ice Magic
114752 | Slime:2  | Noticed Dissolution
114755 | Slime:2  | Gained mutation: Your body sometimes deteriorates upon
                  | taking damage. [a shining eye]
115415 | Slime:2  | You are sucked into a shaft and drop 2 floors!
115437 | Slime:3  | Reached skill level 5 in Ice Magic
115497 | Slime:3  | Gained mutation: You possess an exceptional clarity of
                  | mind. [a shining eye]
115501 | Slime:3  | Gained mutation: You are dopey. (Int -2) [a shining eye]
115502 | Slime:3  | Gained mutation: Your magical capacity is low. (-10% MP) [a
                  | shining eye]
117371 | Slime:2  | Paralysed by a formless jellyfish for 1 turns
117559 | Slime:2  | Killed Dissolution
120498 | Slime:5  | Entered Level 5 of the Pits of Slime
120827 | Slime:5  | Noticed the Royal Jelly
122774 | Slime:5  | Gained mutation: You are weak. (Str -2) [a shining eye]
123085 | Slime:5  | Reached skill level 10 in Ice Magic
123889 | Slime:5  | Found a viscous altar of Jiyva.
123899 | Slime:5  | Got the Precepts of Gloom
123924 | Slime:5  | Identified the +3 sling of Nefiypah {flame, Str+3}
124324 | Slime:5  | Identified the +4 trident of Pain and Death {antimagic,
                  | *Corrode Int+6 Dex+7}
124327 | Slime:5  | Identified the +6 chain mail of Qufun {rC+ Int+3 Dex-4}
124401 | Slime:5  | Killed the Royal Jelly
125948 | Slime:5  | Identified the +6 orcbow of the Aged Scars {drain, rN+}
126030 | Slime:5  | Identified the +8 long sword "Eraotzaf" {protect, Str-5
                  | Int+4}
126044 | Slime:5  | Got a slimy rune of Zot
126064 | Slime:5  | Identified the +12 rapier of Responsibility {protect, rPois
                  | rN+}
126070 | Slime:5  | Identified the +4 falchion "Huitiurch" {freeze, rC+}
126224 | Slime:5  | Identified the +0 hand axe "Zuunkim" {drain, Stlth+}
126954 | Slime:5  | Lost mutation: You possess an exceptional clarity of mind.
                  | [potion of mutation]
126954 | Slime:5  | Lost mutation: Your body sometimes deteriorates upon taking
                  | damage. [potion of mutation]
126954 | Slime:5  | Lost mutation: You have a somewhat thin skeletal structure.
                  | (Dex +2, Stealth+) [potion of mutation]
126954 | Slime:5  | Lost mutation: You are weak. (Str -2) [potion of mutation]
126954 | Slime:5  | Lost mutation: You are dopey. (Int -2) [potion of mutation]
126954 | Slime:5  | Gained mutation: You are weak. (Str -2) [potion of
                  | mutation]
126955 | Slime:5  | Lost mutation: Potions are less effective at restoring your
                  | health. [potion of mutation]
126955 | Slime:5  | Lost mutation: Your movements are slightly less encumbered
                  | by armour. (ER -2) [potion of mutation]
126955 | Slime:5  | Gained mutation: Your flesh is cold resistant. (rC+)
                  | [potion of mutation]
126955 | Slime:5  | Gained mutation: You are partially covered in iridescent
                  | scales. (AC +2) [potion of mutation]
126956 | Slime:5  | Lost mutation: You are partially covered in iridescent
                  | scales. (AC +2) [potion of mutation]
126956 | Slime:5  | Lost mutation: Your magical capacity is low. (-10% MP)
                  | [potion of mutation]
126956 | Slime:5  | Gained mutation: Your health recovers twice as slowly from
                  | being drained. [potion of mutation]
127399 | Pan      | Entered Pandemonium
127496 | Pan      | Noticed Rikhlaus the pandemonium lord
127519 | Pan      | Gained mutation: You occasionally shout uncontrollably at
                  | your foes. [a cacodemon]
127520 | Pan      | Gained mutation: Your flesh is heat resistant. (rF+) [a
                  | cacodemon]
127536 | Pan      | Gained mutation: Your flesh is very cold resistant. (rC++)
                  | [a cacodemon]
127541 | Pan      | Gained mutation: You are frail. (-10% HP) [a cacodemon]
128133 | Pan      | Killed Rikhlaus the pandemonium lord
128355 | Pan      | Gained mutation: You sometimes lose your temper in combat.
                  | [a cacodemon]
128365 | Pan      | Lost mutation: You occasionally shout uncontrollably at
                  | your foes. [potion of mutation]
128365 | Pan      | Lost mutation: You sometimes lose your temper in combat.
                  | [potion of mutation]
128365 | Pan      | Gained mutation: You occasionally lose the ability to drink
                  | potions when taking damage. [potion of mutation]
128365 | Pan      | Lost mutation: You occasionally lose the ability to drink
                  | potions when taking damage. [potion of mutation]
128365 | Pan      | Gained mutation: Your flesh is very heat resistant. (rF++)
                  | [potion of mutation]
128420 | Pan      | Learned a level 9 spell: Polar Vortex
130678 | Pan      | Found an exit through the horrors of the Abyss.
131310 | Pan      | Gained mutation: You do not regenerate when monsters are
                  | visible. [a neqoxec]
131318 | Pan      | Lost mutation: Your health recovers twice as slowly from
                  | being drained. [potion of mutation]
131318 | Pan      | Lost mutation: You do not regenerate when monsters are
                  | visible. [potion of mutation]
131318 | Pan      | Lost mutation: Your flesh is very heat resistant. (rF++)
                  | [potion of mutation]
131318 | Pan      | Gained mutation: You possess an exceptional clarity of
                  | mind. [potion of mutation]
131450 | Pan      | Reached skill level 15 in Ice Magic
133192 | Pan      | Noticed Pewy the pandemonium lord
133386 | Pan      | Killed Pewy the pandemonium lord
134038 | Pan      | Gained mutation: You are occasionally teleported next to
                  | monsters. [a neqoxec]
134129 | Pan      | Lost mutation: You are occasionally teleported next to
                  | monsters. [potion of mutation]
134129 | Pan      | Lost mutation: You are weak. (Str -2) [potion of mutation]
134129 | Pan      | Gained mutation: Your body sometimes deteriorates upon
                  | taking damage. [potion of mutation]
134553 | Pan      | Got a demonic rune of Zot
135333 | Pan      | Noticed Qempaog the pandemonium lord
135340 | Pan      | Gained mutation: You occasionally shout uncontrollably at
                  | your foes. [a cacodemon]
135398 | Pan      | Gained mutation: Your body often deteriorates upon taking
                  | damage. [a cacodemon]
135437 | Pan      | Gained mutation: You expend magic power (3 MP) to
                  | strengthen your wands. [a neqoxec]
135439 | Pan      | Gained mutation: You occasionally lose the ability to drink
                  | potions when taking damage. [a neqoxec]
135440 | Pan      | Gained mutation: Your magical capacity is low. (-10% MP) [a
                  | neqoxec]
135584 | Pan      | Gained mutation: You occasionally lose the ability to read
                  | scrolls when taking damage. [a cacodemon]
135593 | Pan      | Lost mutation: You occasionally lose the ability to read
                  | scrolls when taking damage. [potion of mutation]
135593 | Pan      | Lost mutation: Your body often deteriorates upon taking
                  | damage. [potion of mutation]
135593 | Pan      | Lost mutation: Your flesh is heat resistant. (rF+) [potion
                  | of mutation]
136435 | Pan      | Gained mutation: Your spells are a little easier to cast,
                  | but a little less powerful. [a neqoxec]
137113 | Pan      | Paralysed by accursed screaming for 1 turns
137796 | Pan      | Lost mutation: You are frail. (-10% HP) [potion of
                  | mutation]
137796 | Pan      | Lost mutation: Your flesh is very cold resistant. (rC++)
                  | [potion of mutation]
137796 | Pan      | Lost mutation: You occasionally lose the ability to drink
                  | potions when taking damage. [potion of mutation]
137829 | Pan      | Killed Qempaog the pandemonium lord
138300 | Pan      | Gained mutation: You are frail. (-10% HP) [a neqoxec]
139008 | Pan      | Gained mutation: You frequently scream uncontrollably at
                  | your foes. [a cacodemon]
139383 | Pan      | Noticed Juoduusk the pandemonium lord
139440 | Pan      | HP: 4/237 [reaper/+3 heavy scythe (16)]
139441 | Pan      | Slain by a reaper

Illustrated notes

Levels and vault maps discovered:
D:1:      eino_arrival_water_star, layout_basic, st_stairs_8
D:2:      cheibrodos_helix_gallery, layout_basic,
          hellmonk_ecumenical_altar_zigzags, nicolae_underground_beach
D:3:      layout_rooms, uniq_sigmund
D:4:      layout_gridville, kennysheep_mini_moat
D:5:      layout_loops_ring, temple_green
D:6:      layout_layer_cave, makhleb_altar_promises_db,
          mainiacjoe_overflow_surrounded_room, nzn_hepliaklqana_mist_gate,
          lightli_orcish_oven, uniq_prince_ribbit1
D:7:      layout_gridville, nicolae_fountain_basement, uniq_maggie
D:8:      layout_gridville, uniq_psyche, uniq_pikel
D:9:      layout_irregular_city, grunt_temple_overflow_open, uniq_grum
D:10:     wad_statue_garden, layout_basic, xom_shifter_show, david_lair_generic,
          hiddenorc2_lemuel, minmay_ruffians
D:11:     layout_loops_corners, minivault_19
D:12:     layout_basic, gammafunk_ghost_nasty_kobolds,
          small_statue_intersection, eino_house_with_fridge, uniq_sonja,
          uniq_azrael
D:13:     layout_roguey, hangedman_vaults_entry_quadrant_bands, lightli_minifort
D:14:     layout_loops_ring, grunt_gozag_statues, serial_shops,
          nicolae_inconvenience_store, uniq_snorg
D:15:     grunt_enter_depths_magical_seal, layout_long_grid,
          roderic_filled_cross, nrook_campfire
Temple:   regret_index_temple_waves
Lair:1:   layout_chaotic_city, ebering_ghost_disaster_area, uniq_harold
Lair:2:   layout_layer_cave, minmay_snake_entry_guardpost_medium,
          lemuel_fruit_tree, grunt_megastairs_3
Lair:3:   layout_gridlike, elwin_shoals_entry_rooms, serial_forest,
          infiniplex_forest_side_room, infiniplex_forest_straight_5,
          infiniplex_forest_lined_2, infiniplex_forest_zigzag_1,
          infiniplex_forest_lined_room_2, infiniplex_forest_lined_corner,
          hangedman_lair_generics_rect, uniq_amaemon, uniq_josephine
Lair:4:   onia_ninara_swampy_vault, layout_regular_city, slime_entry_1,
          gammafunk_lair_bear_cave
Lair:5:   hangedman_lair_in_review, layout_hall_layers,
          hangedman_lair_caniforms_friends, grunt_forest_large_clearing_hut,
          serial_bayou_shore_b
Shoals:1: layout_shoals, serial_shops, shop, uniq_roxanne
Shoals:2: layout_shoals, portal_ice_cave_entry_frozen_things, serial_shops,
          bzr_entry_dummy, lightli_airlock
Shoals:3: layout_shoals, nicolae_shoals_lost_giant_temple, uniq_louise
Shoals:4: shoals_end_grunt_ice, layout_shoals,
          nicolae_shoals_lost_giant_amphitheater
Snake:1:  layout_gridlike, nicolae_snake_herptile_family_reunion, uniq_jorgrun
Snake:2:  kennysheep_snake, layout_cave_shapes, minmay_shop_grove
Snake:3:  layout_chambers
Snake:4:  johnstein_snake_rune_scales, layout_onion,
          gammafunk_ghost_wrathful_warriors, serial_bayou_shore_b,
          minmay_shoptagon, uniq_aizul, uniq_vashnia, uniq_agnes
Slime:1:  cheibrodos_slime_lost_civilization_8, layout_caves
Slime:2:  layout_caves, uniq_dissolution
Slime:3:  layout_caves, cheibrodos_slime_lost_civilization_6
Slime:4:  layout_caves
Slime:5:  slime_pit_nicolae_block_by_block
Orc:1:    layout_caves, hellmonk_talismancer
Orc:2:    kennysheep_orc_mage_school, layout_diamond_mine, serial_shops,
          nicolae_shop_trees, shop_fountains, nicolae_shop_waterfront,
          einodemon_armed_red_devil_minivault
Elf:1:    eino_elf_arrival_the_gate, layout_geoelf_diagonals,
          minmay_elf_necromancy, amethyst_killhole, uniq_norris
Elf:2:    elven_hall_of_blades_hangedman_original
          [nicolae_blade_entry_hurt_lockers], layout_geoelf_diagonals,
          serial_shops, shop
Elf:3:    grunt_elf_hall_diamonds, layout_geoelf_diagonals, dk_noncrumbling_2,
          hangedman_elf_targeted_burst, solitary_fountain
Vaults:1: nicolae_vaults_network_barrier, v_misc_5, grunt_vaults_bifocal,
          ontoclasm_vaults_decontamination, nicolae_vaults_storage_closets_2,
          nicolae_vaults_oozy_zoo, vaults_room_fours,
          nicolae_vaults_trapezoid_lopsided_3, nicolae_vaults_mini_display_case,
          layout_vaults_big_room, serial_glass, serial_shops, shop
Vaults:2: emtedronai_trogs_sanctum, nicolae_vaults_little_squares_4, v_misc_11,
          nicolae_vaults_six-pack, v_misc_17, nicolae_vaults_little_squares_4,
          v_misc_16, nicolae_vaults_surprise_closet, vaults_standard_mumra_x,
          nicolae_vaults_tetromino_Z_1, nicolae_vaults_tetromino_L_1,
          vaults_dpeg_encased_lava, layout_vaults_omnibox, uniq_xtahua
Vaults:3: nicolae_vaults_tetromino_L_2, minmay_crypt_entry_simple_box,
          nicolae_vaults_triangles, nicolae_vaults_closet_pinwheel_5,
          nicolae_vaults_ring_of_whatevers, nicolae_vaults_network_s,
          nicolae_vaults_ninety_degrees, v_misc_16, v_misc_11,
          hangedman_vaults_maws, nicolae_vaults_c_with_doors,
          nicolae_vaults_tetromino_L_1, layout_vaults_ring
Vaults:4: infiniplex_enter_wizlab_water, hangedman_vaults_stitches, v_misc_27,
          nicolae_vaults_storage_room_doors, nicolae_vaults_security_offices_4,
          nicolae_vaults_trapezoid_lopsided_3, v_pattern_2,
          hangedman_vaults_slice, grunt_vaults_hallway_short,
          ontoclasm_vaults_misaligned, v_misc_4, v_alt_pattern_3,
          nicolae_vaults_trapezoid_layered, nicolae_vaults_oval_intersection,
          ontoclasm_vaults_ring_square, nicolae_vaults_rhombus_5,
          nicolae_vaults_trapezoid_lopsided_1, layout_vaults_maze_bifur
Vaults:5
Crypt:1:  layout_gridlike, gammafunk_ghost_mausoleum, grunt_megastairs_4,
          uniq_zenata
Crypt:2:  layout_basic, hex_tiny, st_stairs_10, lemuel_dead_fish_pool
Crypt:3:  lightli_unholy_cathedral, layout_chaotic_city,
          nicolae_tomb_entry_rubble_hallway, uniq_vv, uniq_saint_roka,
          uniq_grunn
Depths:1: hellmonk_paralyzer, layout_basic, enter_ziggurat_a,
          hangedman_abyss_entry_splay, serial_shops,
          nicolae_shop_rolling_square, pf_dread_powers_of_hell,
          minmay_misc_feat_chi, pandoras_box_mu
Depths:2: minmay_the_grid_octo_tiled_squarecenter
          [minmay_the_grid_octo_checkerflower, minmay_the_grid_octo_toaster,
          minmay_the_grid_octo_fan_narrow, minmay_the_grid_octo_checkered,
          minmay_the_grid_square_5x5_megaprize_crossed,
          minmay_the_grid_square_5x5_hollow_slash,
          minmay_the_grid_square_5x5_bridge, minmay_the_grid_square_5x5_inner_v,
          minmay_the_grid_square_5x5_almost_minimal], layout_cave_pools,
          evilmike_ruin_ashenzari, pf_hell_entry_tar_spiral, pan_entry,
          abyss_entry, kennysheep_just_a_vault, infiniplex_staircase_zigzag_2
Depths:3: minmay_bloctagon_deflated, layout_cross, abyss_entry_crystal,
          lemuel_round_altar, hellmouth_3, uniq_margery, uniq_boris
Depths:4: evilmike_zot_entry_basic, layout_basic, pan_entry, abyss_entry,
          hell_entry, minmay_misc_feat_hallway, serial_shops, shop_statue,
          minmay_shop_star
Hell
Zot:1:    layout_twisted_circle, skrybe_zot_glass_2
Zot:2:    gammafunk_the_bubble [the_bubble_gammafunk_crates], layout_gridlike,
          grunt_ministairs_9
Zot:3:    layout_basic, regret_index_zotdec_obsidian_hm,
          hangedman_player_shredder
Zot:4:    layout_twisted_circle, regret_index_zotdec_split_disrupt
Pan:      evilmike_mini_pan_other_thingy, layout_basic, pan_disco_hall,
          layout_long_grid, evilmike_mini_pan_corridor, layout_gridlike,
          rand_demon_8, layout_irregular_city

Skill      XL: |  1  2  3  4  5  6  7  8  9 10 11 12 13 14 15 16 17 18 19 20 21 22 23 24 25 26 27 |
---------------+----------------------------------------------------------------------------------+-----
Spellcasting   | 3 4 5 7 8 9 10 11 13 14 15 16 17 18 19 20 21 22 23 24 26 | 26.0
Conjurations   | 5 6 7 9 10 11 12 13 15 16 17 18 | 18.2
Fighting       | 4 7 11 12 14 16 18 19 20 21 22 26 | 26.0
Earth Magic    | 6 13 16 19 22 23 25 26 | 26.0
Fire Magic     | 7 |  7.0
Ice Magic      | 21 | 21.3
Dodging        | |  1.5
Stealth        | |  3.0

Action                     |  1- 3 |  4- 6 |  7- 9 | 10-12 | 13-15 | 16-18 | 19-21 | 22-24 | 25-27 || total
---------------------------+-------+-------+-------+-------+-------+-------+-------+-------+-------++-------
  Melee: Hand axe          |    12 |       |       |       |       |       |       |       |       ||    12
         Whip              |       |     2 |     1 |       |       |       |       |       |       ||     3
         Long sword        |       |       |       |    55 |   144 |       |       |       |       ||   199
         Punch             |       |       |       |     1 |     3 |       |       |       |       ||     4
         Constrict         |       |       |       |       |    38 |   106 |    62 |   148 |   134 ||   488
         Pair of quick bla |       |       |       |       |     3 |  1079 |   800 |  1660 |  1969 ||  5511
         Glaive            |       |       |       |       |       |       |       |       |    21 ||    21
   Fire: Orcbow            |       |       |     4 |       |       |       |       |       |       ||     4
   Cast: Magic Dart        |    56 |    30 |    24 |    39 |     4 |     3 |     8 |       |     1 ||   165
         Searing Ray       |     1 |    12 |    67 |    93 |     1 |       |       |       |     1 ||   175
         Stone Arrow       |       |       |    11 |   104 |       |     3 |       |       |    10 ||   128
         Frozen Ramparts   |       |       |     2 |    18 |     1 |     5 |     5 |     1 |       ||    32
         Sticky Flame      |       |       |     2 |    11 |    26 |    45 |    29 |    55 |    13 ||   181
         Iskenderun's Myst |       |       |     1 |    20 |     4 |     1 |     6 |     7 |    24 ||    63
         Orb of Destructio |       |       |       |    16 |   339 |   386 |   405 |   606 |  1229 ||  2981
         Irradiate         |       |       |       |       |    54 |    25 |    77 |   107 |   128 ||   391
         Bombard           |       |       |       |       |       |    21 |    75 |    60 |    12 ||   168
         Shatter           |       |       |       |       |       |       |       |    25 |   464 ||   489
         Polar Vortex      |       |       |       |       |       |       |       |       |    34 ||    34
 Invoke: Call Merchant     |       |       |       |     2 |     2 |     3 |     1 |     3 |     4 ||    15
         Potion Petition   |       |       |       |     1 |       |       |       |       |       ||     1
Ability: Spit Poison       |    25 |    20 |    56 |    68 |     7 |     2 |     3 |     1 |     1 ||   183
  Evoke: Wand              |       |       |       |     4 |    11 |     8 |       |     2 |     4 ||    29
         Lightning rod     |       |       |       |       |       |       |       |       |     4 ||     4
         Horn of Geryon    |       |       |       |       |       |       |       |       |     1 ||     1
         Condenser vane    |       |       |       |       |       |       |       |       |     1 ||     1
    Use: Scroll            |     5 |       |     4 |    14 |     8 |    18 |     9 |    15 |    21 ||    94
         Potion            |       |       |     1 |     4 |     9 |     7 |     5 |    12 |    33 ||    71
   Stab: Invisible         |       |       |       |       |     2 |       |       |       |       ||     2
         Sleeping          |       |       |       |       |       |     2 |       |     1 |       ||     3
         Distracted        |       |       |       |       |       |     2 |     1 |     2 |     6 ||    11
 Armour: Robe              |    26 |    15 |    74 |   270 |   454 |   690 |   230 |       |       ||  1759
         Skin              |       |       |     1 |       |    54 |       |       |    18 |     1 ||    74
         Leather armour    |       |       |       |       |       |       |   536 |  1174 |  1956 ||  3666
  Dodge: Dodged            |    23 |     4 |    45 |   116 |   165 |   265 |   178 |   369 |   473 ||  1638
         Repelled          |       |       |       |       |       |    38 |     7 |    11 |    21 ||    77

Table legend: (Time is in decaauts)
 A = Elapsed time spent in this place.
 B = Non-inter-level travel time spent in this place.
 C = Inter-level travel time spent in this place.
 D = Time resting spent in this place.
 E = Time spent auto-exploring this place.
 F = Levels seen in this place.
 G = Mean time per level.
                   A        B        C        D        E       F      G
               +--------+--------+--------+--------+--------+-----+--------+
         Total | 164619 | 153829 |  10790 |  62850 |  66720 |  63 | 2613.0 |
       Dungeon |  26174 |  22711 |   3463 |   5880 |  12965 |  15 | 1744.9 |
        Temple |     86 |      2 |     84 |      0 |      0 |   1 |   86.0 |
          Lair |  14570 |  13209 |   1361 |   4308 |   6721 |   5 | 2914.0 |
        Shoals |   7587 |   7320 |    267 |   2449 |   4026 |   4 | 1896.8 |
     Snake Pit |  15997 |  15509 |    488 |   7293 |   6112 |   4 | 3999.2 |
    Slime Pits |  14850 |  14069 |    781 |   7571 |   4571 |   5 | 2970.0 |
  Orcish Mines |   3601 |   3043 |    558 |    816 |   1506 |   2 | 1800.5 |
   Elven Halls |  10001 |   9662 |    339 |   4356 |   3790 |   3 | 3333.7 |
        Vaults |  16448 |  15382 |   1066 |   5959 |   6958 |   5 | 3289.6 |
         Crypt |   8481 |   7996 |    485 |   3846 |   3023 |   3 | 2827.0 |
        Depths |  16791 |  15651 |   1140 |   8385 |   5291 |   4 | 4197.8 |
          Hell |   1101 |   1071 |     30 |    308 |    554 |   1 | 1101.0 |
           Zot |  11795 |  11072 |    723 |   5513 |   4282 |   4 | 2948.8 |
   Pandemonium |  14156 |  14156 |      0 |   5120 |   5836 |   4 | 3539.0 |
        Bazaar |    125 |    125 |      0 |      0 |      0 |   1 |  125.0 |
      Ice Cave |    852 |    852 |      0 |    481 |    185 |   1 |  852.0 |
        Wizlab |   1995 |   1995 |      0 |    560 |    894 |   1 | 1995.0 |
               +--------+--------+--------+--------+--------+-----+--------+

Top non-repeatable levels by time:
Depths:2: 5957 daAuts
Depths:1: 5482 daAuts
 Snake:4: 5145 daAuts
 Slime:4: 4649 daAuts
   Elf:3: 4501 daAuts
  Lair:5: 4364 daAuts
 Slime:5: 4249 daAuts
   Zot:2: 4054 daAuts
 Snake:2: 3844 daAuts
Vaults:1: 3753 daAuts
Vaults:4: 3728 daAuts
Depths:4: 3714 daAuts
 Snake:3: 3565 daAuts
   Zot:3: 3532 daAuts
Vaults:3: 3498 daAuts
